 Dungeon Crawl Stone Soup version 0.31-a0-263-ge8cad7f256 (webtiles) character file.

Game seed: 12859629747733353924

71 qw the Shooter (level 4, -1/26 HPs)
             Began as a Gargoyle Hexslinger on July 13, 2023.
             Slain by a gnoll
             ... wielding a +0 spear
              (5 damage)
             ... on level 4 of the Dungeon.
             The game lasted 00:00:37 (1041 turns).

qw the Shooter (Gargoyle Hexslinger)                Turns: 1041, Time: 00:00:38

Health: -1/26      AC:  8    Str: 12    XL:     4   Next: 24%
Magic:  5/5        EV: 10    Int: 13    God:
Gold:   155        SH:  0    Dex: 14    Spells: 4/5 levels left

rFire   . . .        Y - +2 sling
rCold   . . .        (no shield)
rNeg    + . .        d - +0 ring mail
rPois   inf          (no helmet)
rElec   +            (no cloak)
rCorr   .            (no gloves)
SInv    .            (no boots)
Will    .....        (no amulet)
Stlth   +            (no ring)
HPRegen 0.24/turn    (no ring)
MPRegen 0.09/turn

%: no passive effects
@: no status effects
A: sickness immunity, AC +3, negative energy resistance 1, electricity
resistance, torment resistance 1, petrification resistance
a: no special abilities


You were on level 4 of the Dungeon.
You visited 1 branch of the dungeon, and saw 3 of its levels.

You collected 155 gold pieces.


Innate Abilities, Weirdness & Mutations

You are immune to sickness and miasma.
Your stone body is resilient. (AC +3)
You are immune to poison.
You resist negative energy. (rN+)
You are resistant to electric shocks. (rElec)
You are resistant to unholy torment.
You are immune to petrification.


   Skills:
 - Level 2.0 Fighting
 - Level 4.1 Ranged Weapons
 + Level 0.0 Armour
 - Level 1.5 Dodging
 - Level 1.0 Spellcasting
 - Level 2.6 Hexes


You had 4 spell levels left.
You knew the following spells:

 Your Spells              Type           Power      Damage    Failure   Level
a - Slow                  Hex            28%        N/A       22%         1

Your spell library contained the following spells:

 Spells                   Type           Power      Damage    Failure   Level
 Inner Flame              Hex/Fire       4%         N/A       73%         3
 Portal Projectile        Hex/Tloc       8%         N/A       73%         3
 Cause Fear               Hex            3%         N/A       91%         4

Inventory:

Hand Weapons
 Y - a +2 sling (weapon)
Armour
 d - a +0 ring mail (worn)
Potions
 e - a potion of brilliance {unknown}

Dungeon Overview and Level Annotations

Branches:
Dungeon (2/15)

Altars:


Message History

The gnoll hits you from afar with a +0 spear.
You shoot a sling bullet.
The sling bullet hits the gnoll but does no damage.
The gnoll is severely wounded.
The gnoll hits you but does no damage. The gnoll misses you.
The gnoll hits you with a +0 flail. The gnoll hits you but does no damage.
The gnoll hits you with a +0 flail. The gnoll misses you.
You shoot a sling bullet.
The sling bullet hits the gnoll but does no damage.
The gnoll is severely wounded.
The gnoll barely misses you. The gnoll hits you but does no damage.
A phantom comes into view.
The gnoll closely misses you.
You shoot a sling bullet. The sling bullet hits the gnoll.
You kill the gnoll!
The gnoll hits you with a +0 flail. The gnoll hits you but does no damage.
Your Ranged Weapons skill increases to level 4!
You shoot a sling bullet.
The sling bullet hits the gnoll but does no damage.
You hear a shout!
The gnoll hits you but does no damage.
A gnoll comes into view. It is wielding a +0 spear.
The gnoll hits you but does no damage.
You shoot a sling bullet. The sling bullet hits the gnoll.
The gnoll is lightly wounded.
The gnoll closely misses you.
You shoot a sling bullet.
The sling bullet closely misses the gnoll.
The sling bullet hits the gnoll but does no damage.
The gnoll hits you from afar with a +0 spear.
The gnoll hits you but does no damage.
You shoot a sling bullet.
The sling bullet barely misses the gnoll.
The sling bullet hits the gnoll.
The gnoll is moderately wounded.
The gnoll hits you but does no damage. x2
You shoot a sling bullet. The sling bullet hits the gnoll.
The gnoll is moderately wounded.
The gnoll hits you from afar with a +0 spear.
You die...

###########
..........########
#.........)@g...#
###########.#...#


Wg# ### .g#. ..# .# ### .# .# ## You could see a phantom and 3 gnolls.

Vanquished Creatures
  A gnoll (D:4)
  2 adders (D:2)
  A dart slug (D:1)
  2 endoplasms (D:1)
  2 giant cockroaches
  3 goblins
  3 hobgoblins (D:1)
  5 jackals
  6 kobolds
  5 ball pythons
  2 bats
  3 frilled lizards
  4 rats
39 creatures vanquished.

Notes
Turn   | Place    | Note
-------+----------+-------------------------------------------
     0 | D:1      | qw the Gargoyle Hexslinger began the quest for the Orb.
     0 | D:1      | Reached XP level 1. HP: 12/12 MP: 2/2
     0 | D:1      | 0 ||| qw: Version: 0.3-a-52-g30416fa
     0 | D:1      | 0 ||| qw: Game counter: 7400
     0 | D:1      | 0 ||| qw: Melee chars always use a shield: true
     0 | D:1      | 0 ||| qw: God list: Okawaru
     0 | D:1      | 0 ||| qw: Allow faded altars: false
     0 | D:1      | 0 ||| qw: Do Orc after clearing Dungeon:15 true
     0 | D:1      | 0 ||| qw: Do second Lair branch before Depths: true
     0 | D:1      | 0 ||| qw: Lair rune preference: random
     0 | D:1      | 0 ||| qw: Goals: Normal
     0 | D:1      | 0 ||| PLANNING D:1-11
   141 | D:1      | Found a faded altar of an unknown god.
   175 | D:1      | Reached XP level 2. HP: 16/16 MP: 3/3
   224 | D:1      | Reached skill level 3 in Ranged Weapons
   331 | D:1      | Reached XP level 3. HP: 19/21 MP: 4/4
   681 | D:1      | 681 ||| READING scroll labelled HAMIDA PESK.
   682 | D:1      | 682 ||| READING scroll labelled OBAULE SARYFA.
   683 | D:1      | 683 ||| READING scroll labelled EKAPNEKABB.
   684 | D:1      | 684 ||| DROPPING scroll of poison.
   864 | D:2      | Reached XP level 4. HP: 23/26 MP: 5/5
   865 | D:2      | 865 ||| FLEEEEING.
   904 | D:2      | 904 ||| UPGRADING to +0 ring mail.
   905 | D:2      | 905 ||| UPGRADING to +0 ring mail.
   915 | D:2      | 915 ||| DROPPING +0 robe.
   916 | D:2      | 916 ||| READING scroll labelled ENUAXOAMURA.
   935 | D:2      | 935 ||| READING scroll labelled BOPUADDEO.
  1023 | D:2      | You fall into a shaft and drop 2 floors!
  1035 | D:4      | Noticed a phantom
  1037 | D:4      | Reached skill level 4 in Ranged Weapons
  1039 | D:4      | HP: 4/26 [gnoll/+0 spear (4)]
  1041 | D:4      | Slain by a gnoll

Levels and vault maps discovered:
D:1:      elethiomel_arrival_infinity_welcomes_careful_drivers,
          layout_loops_ring, ebering_ecumenical_altar_abandoned
D:2:      cheibrodos_pilgrimage, layout_basic
D:4:      layout_rooms, chei_slow_surprise, minmay_temple_entry_nine_rooms

Skill      XL: |  1  2  3  4 |
---------------+-------------+-----
Ranged Weapons | 3 4 |  4.1
Fighting       | 2 |  2.0
Dodging        | |  1.5
Spellcasting   | |  1.0
Hexes          | |  2.6

Action                     |  1- 3 |  4- 6 || total
---------------------------+-------+-------++-------
   Fire: Sling             |   123 |    18 ||   141
    Use: Scroll            |     3 |     2 ||     5
 Armour: Robe              |    28 |       ||    28
         Ring mail         |       |    10 ||    10
  Dodge: Dodged            |    58 |    10 ||    68

Table legend:
 A = Non-vault XP
 B = Vault XP
 C = Vault XP percentage of total XP
 D = Non-vault monster count
 E = Vault monster count
 F = Vault count percentage of total count
                 A         B        C        D         E       F
            +---------+---------+-------+---------+---------+-------
      Total |     102 |       0 |   0.0 |      39 |       0 |   0.0
            +---------+---------+-------+---------+---------+-------
        D:1 |      43 |       0 |   0.0 |      25 |       0 |   0.0
        D:2 |      45 |       0 |   0.0 |      13 |       0 |   0.0
        D:4 |      14 |       0 |   0.0 |       1 |       0 |   0.0
            +---------+---------+-------+---------+---------+-------
